 Dungeon Crawl Stone Soup version 0.31-a0-255-g9c3d1c461a (webtiles) character file.

Game seed: 13447872692092344082

40 qw the Shooter (level 3, -4/29 HPs)
             Began as a Minotaur Hexslinger on July 12, 2023.
             Slain by Natasha (7 damage)
             ... on level 2 of the Dungeon.
             The game lasted 00:00:20 (705 turns).

qw the Shooter (Minotaur Hexslinger)                 Turns: 705, Time: 00:00:20

Health: -4/29      AC:  2    Str: 12    XL:     3   Next: 30%
Magic:  3/3        EV: 12    Int: 10    God:
Gold:   35         SH:  5    Dex: 14    Spells: 3/4 levels left

rFire   . . .        Y - +1 sling
rCold   . . .        (no shield)
rNeg    . . .        c - +0 robe
rPois   .            (helmet restricted)
rElec   .            (no cloak)
rCorr   .            (no gloves)
SInv    .            (no boots)
Will    .....        i - amulet of reflection
Stlth   +            (no ring)
HPRegen 0.24/turn    (no ring)
MPRegen 0.08/turn

%: reflection
@: no status effects
A: horns 2, retaliatory headbutt
a: no special abilities


You were on level 2 of the Dungeon.
You visited 1 branch of the dungeon, and saw 2 of its levels.

You collected 35 gold pieces.


Innate Abilities, Weirdness & Mutations

You have a pair of horns on your head.
You reflexively headbutt those who attack you in melee.


   Skills:
 - Level 2.1 Fighting
 + Level 3.8 Ranged Weapons
 - Level 2.1 Dodging
 - Level 1.0 Spellcasting
 - Level 2.0 Hexes


You had 3 spell levels left.
You knew the following spells:

 Your Spells              Type           Power      Damage    Failure   Level
a - Slow                  Hex            16%        N/A       16%         1

Your spell library contained the following spells:

 Spells                   Type           Power      Damage    Failure   Level
 Inner Flame              Hex/Fire       2%         N/A       56%         3
 Portal Projectile        Hex/Tloc       4%         N/A       56%         3
 Cause Fear               Hex            2%         N/A       83%         4

Inventory:

Hand Weapons
 Y - a +1 sling (weapon)
Armour
 a - a +0 leather armour
 b - a +0 pair of boots
 c - a +0 robe (worn)
Jewellery
 i - an amulet of reflection (around neck)
Potions
 f - a potion of invisibility {unknown}

Dungeon Overview and Level Annotations

Branches:
Dungeon (2/15)

Altars:

Annotations:
D:2 Natasha


Message History

The ball python closely misses you. The ball python misses you.
The ball python bites you. You block the ball python's attack.
You shoot a sling bullet.
The sling bullet closely misses the ball python.
The ball python closely misses you. You furiously retaliate!
You headbutt the ball python.
You kill the ball python!
You start resting.
HP restored.
You see here a ball python corpse.
Natasha, Servant of Life and Death comes into view.
Natasha hisses angrily.
Natasha drinks a potion.
Natasha seems to speed up.
A kobold comes into view. It is wielding a +0 short sword.
You shoot a sling bullet. The kobold shouts!
The sling bullet hits Natasha.
Natasha is lightly wounded.
You shoot a sling bullet. The sling bullet hits Natasha.
Natasha is heavily wounded.
Natasha casts a spell.
701 ||| Stepping ~*~*~tactically~*~*~ (outnumbered).
You see here a ball python corpse.
You shoot a sling bullet.
The sling bullet closely misses Natasha.
Natasha claws you. Natasha claws you but does no damage.
You shoot a sling bullet. The sling bullet hits Natasha.
Natasha is severely wounded.
Natasha claws you!
The cerulean imp hits you from afar with a +1 spear.
Natasha closely misses you.
You shoot a sling bullet. The sling bullet hits Natasha.
Natasha is almost dead.
Natasha claws you.
The cerulean imp hits you from afar with a +1 spear.
You shoot a sling bullet.
The sling bullet hits Natasha but does no damage.
Natasha is almost dead.
Natasha claws you!
You die...

# .# ... 5...
####.....
#######
#.5...K..
#.....# #h#
#.###.#######@#
#.# #.%.......#
#.# ###########
#.# #.# #####
#.# ##...##
#.###.###.##
#.##.#####.#
#.......##.#


You could see Natasha (fast) and a cerulean imp (summoned).

Vanquished Creatures
  An adder (D:2)
  A dart slug (D:1)
  A ball python (D:2)
  4 bats
  2 endoplasms (D:1)
  2 giant cockroaches (D:1)
  2 goblins (D:1)
  2 hobgoblins (D:1)
  3 kobolds (D:1)
  3 quokkas
  2 frilled lizards (D:1)
  3 rats (D:1)
26 creatures vanquished.

Notes
Turn   | Place    | Note
-------+----------+-------------------------------------------
     0 | D:1      | qw the Minotaur Hexslinger began the quest for the Orb.
     0 | D:1      | Reached XP level 1. HP: 16/16 MP: 1/1
     0 | D:1      | 0 ||| qw: Version: 0.3-a-52-g30416fa
     0 | D:1      | 0 ||| qw: Game counter: 6721
     0 | D:1      | 0 ||| qw: Melee chars always use a shield: true
     0 | D:1      | 0 ||| qw: God list: Okawaru
     0 | D:1      | 0 ||| qw: Allow faded altars: false
     0 | D:1      | 0 ||| qw: Do Orc after clearing Dungeon:15 true
     0 | D:1      | 0 ||| qw: Do second Lair branch before Depths: true
     0 | D:1      | 0 ||| qw: Lair rune preference: random
     0 | D:1      | 0 ||| qw: Goals: Normal
     0 | D:1      | 0 ||| PLANNING D:1-11
    59 | D:1      | 59 ||| FLEEEEING.
   118 | D:1      | Reached skill level 3 in Ranged Weapons
   121 | D:1      | Reached XP level 2. HP: 23/23 MP: 2/2
   578 | D:1      | 578 ||| UPGRADING to amulet of reflection.
   583 | D:1      | 583 ||| READING scroll labelled ZIPSEY NOPNE.
   584 | D:1      | 584 ||| READING scroll labelled SENANU MEARI.
   585 | D:1      | 585 ||| READING scroll labelled ATENOX GEMYEF.
   586 | D:1      | 586 ||| READING 3 scrolls labelled JAKUTI OXKYNYMP.
   587 | D:1      | 587 ||| DROPPING scroll of poison.
   588 | D:1      | 588 ||| DROPPING 2 scrolls of fog.
   600 | D:2      | Reached XP level 3. HP: 29/29 MP: 3/3
   698 | D:2      | Noticed Natasha
   701 | D:2      | 701 ||| Stepping ~*~*~tactically~*~*~ (outnumbered).
   704 | D:2      | HP: 3/29 [cerulean imp/+1 spear[Natasha] (6)]
   705 | D:2      | Slain by Natasha

Levels and vault maps discovered:
D:1:      noname_arrival_rooms_in_the_neighbourhood, layout_rooms,
          nicolae_figureground_pulse
D:2:      layout_loops_ring, minmay_snake_closets, uniq_natasha

Skill      XL: |  1  2 |
---------------+-------+-----
Ranged Weapons | 3 |  3.8
Fighting       | 2 |  2.1
Dodging        | |  2.1
Spellcasting   | |  1.0
Hexes          | |  2.0

Action                     || total
---------------------------++-------
   Fire: Sling             ||    81
    Use: Scroll            ||     4
 Armour: Robe              ||     6
  Dodge: Dodged            ||    19
  Block: Other             ||     4

Table legend:
 A = Non-vault XP
 B = Vault XP
 C = Vault XP percentage of total XP
 D = Non-vault monster count
 E = Vault monster count
 F = Vault count percentage of total count
                 A         B        C        D         E       F
            +---------+---------+-------+---------+---------+-------
      Total |      58 |       0 |   0.0 |      26 |       0 |   0.0
            +---------+---------+-------+---------+---------+-------
        D:1 |      39 |       0 |   0.0 |      22 |       0 |   0.0
        D:2 |      19 |       0 |   0.0 |       4 |       0 |   0.0
            +---------+---------+-------+---------+---------+-------
